 Dungeon Crawl Stone Soup version 0.30-a0-42-g806c11bf1d (webtiles) character file.

Game seed: 10178827518410899403

1368 SensoryNuts the Covert (level 8, 0/48 HPs)
             Began as a Kobold Brigand on Aug 30, 2022.
             Was a Follower of Elyvilon.
             Slain by a centaur (3 damage)
             ... on level 6 of the Dungeon.
             The game lasted 00:11:21 (7521 turns).

SensoryNuts the Covert (Kobold Brigand)             Turns: 7521, Time: 00:11:21

Health: 0/48       AC: 18    Str:  9    XL:     8   Next: 97%
Magic:  8/8        EV: 11    Int: 12    God:    Elyvilon [*.....]
Gold:   844        SH:  0    Dex: 18    Spells: 7/7 levels left

rFire   . . .      SeeInvis .    o - +0 falchion
rCold   . . .      Faith    .    (no shield)
rNeg    + . .      Spirit   .    m - +1 pearl dragon scales
rPois   .          Reflect  .    (no helmet)
rElec   .          Harm     .    c - +0 cloak
rCorr   .          Rampage  .    i - +0 pair of gloves
Will    .....                    (no boots)
Stlth   +++.......               (no amulet)
HPRegen 0.16/turn                k - +4 ring of protection
MPRegen 0.11/turn                (no ring)

@: no status effects
A: small, no large weapons, nightstalker 3
a: Renounce Religion, Purification


You were on level 6 of the Dungeon.
You worshipped Elyvilon.
Elyvilon was aware of your devotion.
You visited 2 branches of the dungeon, and saw 7 of its levels.

You collected 844 gold pieces.

Inventory:

Hand Weapons
 a - a +3 dagger
 o - a +0 falchion (weapon)
Missiles
 d - 11 poisoned darts
 e - 4 curare-tipped darts
Armour
 c - a +0 cloak (worn)
 i - a +0 pair of gloves (worn)
 m - +1 pearl dragon scales (worn)
Jewellery
 k - a +4 ring of protection (left hand)
 n - a ring of poison resistance
 p - an amulet of the acrobat
Wands
 q - a wand of paralysis (10) (quivered)
 r - a wand of mindburst (26)
Scrolls
 f - a scroll of blinking
 g - a scroll of magic mapping
Potions
 b - a potion of brilliance {unknown}
 j - 2 potions of attraction
 l - 3 potions of lignification


   Skills:
 + Level 3.9 Fighting
 + Level 5.0(7.2) Short Blades
 * Level 5.0(5.4) Long Blades
 + Level 2.3 Throwing
 + Level 3.4 Armour
 + Level 3.5 Dodging
 + Level 8.2 Stealth


You had 7 spell levels left.
You didn't know any spells.
Your spell library was empty.

Dungeon Overview and Level Annotations

Branches:
Dungeon (6/15)             Temple (1/1) D:4

Altars:
Ashenzari
Cheibriados
Dithmenos
Elyvilon
Fedhas
Gozag
Hepliaklqana
Kikubaaqudgha
Makhleb
Nemelex Xobeh
Okawaru
Qazlal
Ru
Sif Muna
Trog
Uskayaw
Vehumet
Wu Jian
Xom
Yredelemnul
Zin
The Shining One

Shops:
D:4 (:

Annotations:
D:5 1 runed translucent door, Crazy Yiuf
D:6 Prince Ribbit


Innate Abilities, Weirdness & Mutations

You are small and have problems with some larger weapons.
You are completely attuned to the shadows.


Message History

The centaur kicks you but does no damage.
Prince Ribbit hits you. The centaur barely misses you.
The centaur completely misses you.
You hit the centaur.
The centaur is heavily wounded.
Prince Ribbit barely misses you.
The centaur hits you but does no damage.
The centaur kicks you but does no damage.
Prince Ribbit hits you!
You barely miss Prince Ribbit.
Prince Ribbit is severely wounded.
The centaur barely misses you.
The centaur kicks you but does no damage.
Prince Ribbit hits you.
* * * LOW HITPOINT WARNING * * *
The centaur closely misses you. The centaur misses you.
You hit Prince Ribbit.
Prince Ribbit is severely wounded.
The centaur barely misses you. x2; Prince Ribbit hits you.
* * * LOW HITPOINT WARNING * * *
Prince Ribbit hits you but does no damage.
The centaur hits you.
* * * LOW HITPOINT WARNING * * *
The centaur kicks you but does no damage.
Okay, then.
Prince Ribbit attacks as you move away! Prince Ribbit hits you.
* * * LOW HITPOINT WARNING * * *
The centaur hits you but does no damage.
The centaur barely misses you.
Prince Ribbit blinks!
The centaur wields a +0 shortbow.
The centaur shoots an arrow.
The arrow closely misses you.
The centaur shoots an arrow.
The arrow hits you but does no damage.
The centaur shoots an arrow.
The arrow hits you.
* * * LOW HITPOINT WARNING * * *
Prince Ribbit lets out a mournful croak.
Prince Ribbit blinks!
Okay, then.
Okay, then.
The centaur unwields a +0 shortbow.
The centaur hits you.
You die...

..######
#.♣...♣.......>.......
..
##....................
#..♣.................
#..§###########......
##..# #...... ##.# #.#
#c###### #.@.....
########


You could see a centaur.

Vanquished Creatures
  A kobold demonologist (D:5)
  Grinder (D:6)
  Sigmund (D:5)
  An ogre (D:5)
  A kobold brigand (D:5)
  A necrophage (D:6)
  A howler monkey (D:4)
  3 hounds
  4 jellies
  An orc priest (D:4)
  Ijyb (D:5)
  6 adders
  5 gnolls
  2 white imps (D:5)
  2 ufetubi
  2 dart slugs (D:2)
  8 orcs
  4 endoplasms
  9 giant cockroaches
  7 goblins
  5 hobgoblins
  2 jackals (D:5)
  10 kobolds
  A quokka (D:2)
  8 ball pythons
  10 bats
  3 frilled lizards
  6 rats
106 creatures vanquished.

Vanquished Creatures (others)
  A bush (D:6)
1 creature vanquished.

Grand Total: 107 creatures vanquished

Notes
Turn   | Place    | Note
-------+----------+-------------------------------------------
     0 | D:1      | SensoryNuts the Kobold Brigand began the quest for the Orb.
     0 | D:1      | Reached XP level 1. HP: 12/12 MP: 1/1
   154 | D:1      | Reached XP level 2. HP: 17/17 MP: 2/2
   157 | D:1      | Reached skill level 6 in Stealth
  1184 | D:2      | Reached XP level 3. HP: 21/21 MP: 3/3
  1299 | D:2      | Found a faded altar of an unknown god.
  1588 | D:2      | Found a snail-covered altar of Cheibriados.
  1782 | D:3      | Reached XP level 4. HP: 27/27 MP: 4/4
  2196 | D:3      | Found a large runed translucent door.
  2196 | D:3      | Found a large runed translucent door.
  2536 | D:3      | Reached skill level 1 in Long Blades
  2686 | D:3      | Found a hide-covered altar of Uskayaw.
  2704 | D:3      | Found a shimmering blue altar of Sif Muna.
  2775 | D:4      | Found Cariahef's Book Shoppe.
  2873 | D:3      | Reached XP level 5. HP: 25/31 MP: 5/5
  2959 | D:4      | Reached skill level 7 in Stealth
  3104 | D:4      | Reached skill level 1 in Armour
  3344 | D:4      | Reached XP level 6. HP: 31/36 MP: 6/6
  3477 | D:4      | Found Jeinij's Weapon Boutique.
  3582 | D:4      | Found a staircase to the Ecumenical Temple.
  3610 | Temple   | Entered the Ecumenical Temple
  3964 | Temple   | Became a worshipper of Elyvilon the Healer
  4253 | D:4      | Identified a scroll of acquirement
  4253 | D:4      | Acquired 626 gold pieces
  4256 | D:5      | Entered Level 5 of the Dungeon
  4286 | D:5      | Noticed a kobold demonologist
  4380 | D:5      | Noticed Ijyb
  4386 | D:5      | Killed Ijyb
  4718 | D:5      | Noticed an ogre
  4725 | D:5      | Killed an ogre
  4726 | D:5      | Reached XP level 7. HP: 13/40 MP: 7/7
  5049 | D:5      | Reached * piety under Elyvilon
  5235 | D:5      | Noticed a rust devil
  5240 | D:5      | Killed a kobold demonologist
  5256 | D:5      | Reached skill level 5 in Short Blades
  5256 | D:5      | Reached XP level 8. HP: 46/46 MP: 8/8
  5268 | D:5      | Noticed Sigmund
  5431 | D:5      | Killed Sigmund
  5729 | D:5      | Found a runed translucent door.
  5732 | D:5      | Noticed Crazy Yiuf
  6124 | D:6      | Reached skill level 8 in Stealth
  6363 | D:6      | Noticed Grinder
  6416 | D:6      | Killed Grinder
  6621 | D:6      | Reached skill level 5 in Long Blades
  6642 | D:6      | Noticed Prince Ribbit
  6661 | D:6      | Elyvilon protects you from harm!
  7518 | D:6      | HP: 2/48 [centaur/arrow (5)]
  7521 | D:6      | Slain by a centaur

Illustrated notes

Levels and vault maps discovered:
D:1:      onia_arrival_pyramid, layout_loops_cross,
          nicolae_concentric_dashed_squares_mild, chequers_serial_rivers_large_b
D:2:      layout_rooms, shapermc_ecumenical_altar_mp_highgroup, basic_altar
D:3:      layout_basic, jmf_multi_god_temple2
D:4:      layout_cave_pools, minmay_temple_entry_enclosed_plants, serial_shops,
          nicolae_square_shop, nicolae_stop_n_shop_2
D:5:      layout_basic, uniq_ijyb, uniq_crazy_yiuf_cottage, uniq_sigmund
D:6:      layout_basic, serial_shops, shop, kb_lookout_dungeons_type,
          grunt_ministairs_2, nicolae_shop_unique_rings, uniq_prince_ribbit1,
          uniq_grinder
Temple:   compressed_dpeg_triangle_lava_temple

Skill      XL: |  1  2  3  4  5  6  7  8 |
---------------+-------------------------+-----
Stealth        | 6 7 8 |  8.2
Short Blades   | 3 4 5 |  5.0
Long Blades    | 1 2 3 5 |  5.0
Armour         | 1 2 3 |  3.4
Dodging        | 2 3 |  3.5
Fighting       | 3 |  3.9
Throwing       | |  2.3

Action                   |  1- 3 |  4- 6 |  7- 9 || total
-------------------------+-------+-------+-------++-------
Melee: Dagger            |    75 |   191 |       ||   266
       Falchion          |       |    30 |   169 ||   199
       Punch             |       |     1 |     2 ||     3
Throw: Dart              |       |     2 |     2 ||     4
  Use: Scroll            |     7 |     6 |     3 ||    16
       Potion            |       |     1 |     7 ||     8
 Stab: Sleeping          |    20 |    10 |     5 ||    35
       Distracted        |       |     1 |       ||     1
Armor: Robe              |    11 |       |       ||    11
       Pearl dragon scal |       |   102 |   121 ||   223
Dodge: Dodged            |    33 |    99 |    96 ||   228

Table legend: (Time is in decaauts)
 A = Elapsed time spent in this place.
 B = Non-inter-level travel time spent in this place.
 C = Inter-level travel time spent in this place.
 D = Time resting spent in this place.
 E = Time spent auto-exploring this place.
 F = Levels seen in this place.
 G = Mean time per level.
                   A        B        C        D        E       F      G
               +--------+--------+--------+--------+--------+-----+--------+
         Total |   7526 |   6565 |    961 |      7 |   5207 |   7 | 1075.1 |
       Dungeon |   7139 |   6178 |    961 |      7 |   4934 |   6 | 1189.8 |
        Temple |    387 |    387 |      0 |      0 |    273 |   1 |  387.0 |
               +--------+--------+--------+--------+--------+-----+--------+

Top non-repeatable levels by time:
     D:5: 2639 daAuts
     D:1: 1138 daAuts
     D:3: 1077 daAuts
     D:4: 1007 daAuts
     D:2: 644 daAuts
     D:6: 631 daAuts
  Temple: 387 daAuts
